Panthers vs Penguins (R1)

Created - November 2, 2020 at 19:24

Goals
1 2 3 OT1 SO T
Panthers 0 2 0 0 0 2
Penguins 1 0 1 0 1 3
Shots
1 2 3 OT1 SO T
Panthers 16 8 8 0 3 32
Penguins 13 12 10 2 2 37

1st period

1. Penguins , Nikita Kucherov 3 (Steven Stamkos 5) at 10:04

Penalties :
Keith Aulie (Pit) for Roughing (Minor) at 0:23, Eric Gryba (Pit) for High sticking (Minor) at 15:31

2nd period

2. Panthers , Alex Goligoski 5 (Alex Galchenyuk 3) at 2:39
3. Panthers , Matt Duchene 2 (Brandon Gormley 2, Alex Galchenyuk 4) at 19:05

Penalties :
Matt Duchene (Flo) for Holding (Minor) at 2:54, Sean Zimmerman (Pit) for Holding (Minor) at 9:25, Andrei Kostitsyn (Flo) for Roughing (Minor) at 14:04, Sean Zimmerman (Pit) for Slashing (Minor) at 19:26

3rd period

4. Penguins , Dustin Brown 2 (Sean Zimmerman 1) at 7:38

Penalties :
Adam Burish (Pit) for Cross-checking (Minor) at 4:14, Daniel Carcillo (Flo) for Cross-checking (Minor) at 8:50, Kyle Wellwood (Flo) for Roughing (Minor) at 11:31, Travis Zajac (Flo) for Tripping (Minor) at 14:56, Kyle Wellwood (Flo) for Hooking (Minor) at 19:28

Overtime #1

No Goal

Penalties :
No Penalty

Shootout

Panthers, Alex Galchenyuk - Stopped by Michal Neuvirth
Penguins, Steven Stamkos - Goal!
Panthers, Kyle Wellwood - Shot Misses the Net
Penguins, Andrew Cogliano - Stopped by Petr Mrazek
Panthers, David Booth - Stopped by Michal Neuvirth

Penalties :
No Penalty

Goalie Stats

Petr Mrazek (Flo), 35 saves from 37 shots - (0.946), OTL, 2-3-1, 65:00 minutes
Michal Neuvirth (Pit), 30 saves from 32 shots - (0.938), W, 1-3-1, 65:00 minutes

Players Stats for Panthers

Player Name              G  A  P  +/- PIM S  H  SB GA TA FO     MP     PP MP  PK MP  
------------------------------------------------------------------------------------
Alex Galchenyuk          0  2  2   1  0   4  2  0  3  1  0/2    20:21   4:58   0:46 
Alex Goligoski           1  0  1  -1  0   5  1  1  0  1  0/0    29:34   4:38   7:29 
Andrei Kostitsyn         0  0  0   0  2   1  3  0  1  0  0/1    17:06   4:37   0:00 
Brandon Gormley          0  1  1   1  0   2  0  0  2  0  0/0    21:35   5:17   0:00 
Chad Larose              0  0  0   0  0   0  0  0  0  0  0/0     9:59   0:20   2:58 
Daniel Carcillo          0  0  0   0  2   3  2  3  1  0  1/2    10:08   0:20   2:51 
David Booth              0  0  0  -1  0   3  2  0  0  0  1/2    10:09   0:33   0:00 
Drew Stafford            0  0  0   1  0   1  2  0  0  0  0/2    25:27   4:45   6:44 
Erik Gudbranson          0  0  0  -1  0   2  0  3  0  3  0/0    30:45   5:17   7:29 
Jonathan Sigalet         0  0  0   0  0   1  1  1  0  2  0/0     9:05   0:00   0:00 
Kyle Wellwood            0  0  0   0  4   0  0  0  0  0  0/1     6:34   0:00   0:00 
Matt Duchene             1  0  1   1  2   3  2  1  1  2  15/28  20:24   4:58   0:43 
Max Reinhart             0  0  0  -1  0   0  1  0  1  1  10/18  14:46   0:00   5:53 
Radko Gudas              0  0  0   1  0   1  2  1  0  1  0/0    20:16   0:00   4:25 
Rickard Rakell           0  0  0   0  0   2  0  0  2  0  0/0    15:33   4:37   0:00 
Taylor Chorney           0  0  0   0  0   0  0  1  0  0  0/0    18:45   4:38   4:25 
Tomas Kopecky            0  0  0  -1  0   2  0  0  0  0  0/0     8:29   0:00   0:00 
Travis Zajac             0  0  0   0  2   2  3  0  1  1  6/13   19:04   4:37   2:25 

Players Stats for Penguins

Player Name              G  A  P  +/- PIM S  H  SB GA TA FO     MP     PP MP  PK MP  
------------------------------------------------------------------------------------
Adam Burish              0  0  0   0  2   0  2  0  0  0  0/0     7:25   0:15   0:00 
Alexei Marchenko         0  0  0   0  0   1  1  0  0  1  0/0    12:28   0:00   2:30 
Andreas Martinsen        0  0  0   0  0   1  0  0  0  0  0/0     8:10   0:07   1:09 
Andrew Cogliano          0  0  0   1  0   3  1  2  0  1  1/1    26:00   5:42   5:33 
Danny DeKeiser           0  0  0   0  0   2  2  1  0  2  0/0    24:24   4:30   4:16 
Dustin Brown             1  0  1   0  0   3  1  0  0  0  0/0    12:24   4:18   0:00 
Eric Gryba               0  0  0   0  2   1  0  1  1  1  0/0    10:00   0:00   0:00 
Joe Colborne             0  0  0   0  0   1  2  0  0  1  3/9    10:06   0:29   0:00 
Keith Aulie              0  0  0   0  2   2  2  0  0  1  0/0    23:51   4:30   3:44 
Logan Couture            0  0  0  -1  0   2  1  0  0  0  7/13   15:26   4:18   0:00 
Marcus Foligno           0  0  0   0  0   2  0  0  0  0  1/1    10:19   0:26   0:00 
Nikita Kucherov          1  0  1   1  0   3  2  0  2  1  0/0    23:06   5:42   3:12 
Sean Monahan             0  0  0   0  0   2  0  0  3  0  2/5     8:40   0:00   1:10 
Sean Zimmerman           0  1  1   0  4   1  0  0  0  2  0/0    29:23   5:56   3:41 
Steven Stamkos           0  1  1   1  0   7  3  0  3  0  19/37  26:28   5:43   5:34 
Thomas Vanek             0  0  0  -1  0   3  2  1  1  0  3/3    20:14   4:18   3:12 
Victor Hedman            0  0  0   0  0   0  5  0  1  2  0/0    30:38   5:56   5:39 
Viktor Arvidsson         0  0  0  -1  0   3  2  0  1  0  0/0    10:58   0:00   0:00 

3 Stars

1 - Nikita Kucherov (Pit)
2 - Petr Mrazek (Flo)
3 - Alex Galchenyuk (Flo)

Power Play

Panthers - 0 on 5 Attempt(s) - 0.00%
Penguins - 0 on 6 Attempt(s) - 0.00%

Penalty Kill

Panthers - 6 on 6 Attempt(s) - 100.00% - Score 0 goal in Penalty Kill
Penguins - 5 on 5 Attempt(s) - 100.00% - Score 0 goal in Penalty Kill

Team Stat

Panthers - Hits : 21 - Faceoff Wins : 33 - Blocked Shots : 11 - Penalty Minutes : 12
Penguins - Hits : 26 - Faceoff Wins : 36 - Blocked Shots : 5 - Penalty Minutes : 10

Official

Referees : Unknown
Linesman : Unknown

Game Notes

No Game Note

Finance

Level 1 -- Attendance: 4556 (75.93%) -- Ticket Income $546,720
Level 2 -- Attendance: 4103 (82.06%) -- Ticket Income $287,210
Level 3 -- Attendance: 1449 (72.45%) -- Ticket Income $65,205
Level 4 -- Attendance: 2770 (69.25%) -- Ticket Income $96,950
Luxury Box -- Attendance: 748 (74.80%) -- Ticket Income $149,600
Game was played at the Igloo.
Total Attendance: 13626 (75.70%)
Total Ticket Income: $1,145,685
Other Income: $171,853
Total Income: $1,317,538

Panthers

5 vs 5 Forward 
   Center                   Left Wing                Right Wing               Time % Phy DF OF 
 1 Matt Duchene             Alex Galchenyuk          Drew Stafford            40     0   2  3  
 2 Travis Zajac             Andrei Kostitsyn         Rickard Rakell           30     0   2  3  
 3 Max Reinhart             David Booth              Tomas Kopecky            20     0   3  2  
 4 Kyle Wellwood            Daniel Carcillo          Chad Larose              10     1   2  2  

5 vs 5 Defense 
   Defense                  Defense                                           Time % Phy DF OF 
 1 Erik Gudbranson          Alex Goligoski                                    40     0   2  3  
 2 Radko Gudas              Brandon Gormley                                   30     0   2  3  
 3 Jonathan Sigalet         Taylor Chorney                                    20     0   3  2  
 4 Erik Gudbranson          Alex Goligoski                                    10     0   2  3  

PowerPlay Forward 
   Center                   Left Wing                Right Wing               Time % Phy DF OF 
 1 Matt Duchene             Alex Galchenyuk          Drew Stafford            60     0   1  4  
 2 Travis Zajac             Andrei Kostitsyn         Rickard Rakell           40     0   1  4  

PowerPlay Defense
   Defense                  Defense                                           Time % Phy DF OF 
 1 Erik Gudbranson          Brandon Gormley                                   60     0   2  3  
 2 Alex Goligoski           Taylor Chorney                                    40     0   2  3  

Penalty Kill 4 Players Forward 
   Center                   Wing                     Time % Phy DF OF 
 1 Max Reinhart             Drew Stafford            60     1   3  1  
 2 Travis Zajac             Daniel Carcillo          40     1   3  1  

Penalty Kill 4 Players Defense
   Defense                  Defense                  Time % Phy DF OF 
 1 Erik Gudbranson          Alex Goligoski           60     1   4  0  
 2 Taylor Chorney           Radko Gudas              40     1   4  0  

Penalty Kill - 3 Players Forward 
   Forward                                           Time % Phy DF OF 
 1 Drew Stafford                                     60     1   3  1  
 2 Daniel Carcillo                                   40     1   3  1  

Penalty Kill - 3 Players Defense
   Defense                  Defense                  Time % Phy DF OF 
 1 Erik Gudbranson          Alex Goligoski           60     1   4  0  
 2 Taylor Chorney           Radko Gudas              40     1   4  0  

4 vs 4 Forward 
   Center                   Wing                     Time % Phy DF OF 
 1 Matt Duchene             Alex Galchenyuk          60     0   2  3  
 2 Travis Zajac             Drew Stafford            40     0   2  3  

4 vs 4 Defense
   Defense                  Defense                  Time % Phy DF OF 
 1 Erik Gudbranson          Alex Goligoski           60     0   2  3  
 2 Radko Gudas              Brandon Gormley          40     1   2  2  

Last Minutes Offensive
   Center                   Left Wing                Right Wing               Defense                  Defense                  
   Matt Duchene             Alex Galchenyuk          Drew Stafford            Erik Gudbranson          Alex Goligoski           

Last Minutes Defensive
   Center                   Left Wing                Right Wing               Defense                  Defense                  
   Max Reinhart             Daniel Carcillo          Drew Stafford            Erik Gudbranson          Taylor Chorney           

Goaltenders
Starting : Petr Mrazek              
Backup : Braden Holtby            

Extra Forwards
Normal : David Booth, Alex Galchenyuk, Matt Duchene - PP : David Booth, Alex Galchenyuk - PK : Chad Larose
Extra Defensemen
Normal : Brandon Gormley, Erik Gudbranson, Alex Goligoski - PP : Jonathan Sigalet - PK : Brandon Gormley, Jonathan Sigalet
Penalty Shots
Alex Galchenyuk, Kyle Wellwood, David Booth, Drew Stafford, Matt Duchene

Scratches
Matt Irwin (Healthy)

Penguins

5 vs 5 Forward 
   Center                   Left Wing                Right Wing               Time % Phy DF OF 
 1 Steven Stamkos           Andrew Cogliano          Nikita Kucherov          40     1   2  2  
 2 Logan Couture            Thomas Vanek             Viktor Arvidsson         30     1   2  2  
 3 Joe Colborne             Marcus Foligno           Dustin Brown             20     1   2  2  
 4 Sean Monahan             Andreas Martinsen        Adam Burish              10     1   2  2  

5 vs 5 Defense 
   Defense                  Defense                                           Time % Phy DF OF 
 1 Sean Zimmerman           Victor Hedman                                     40     1   2  2  
 2 Keith Aulie              Danny DeKeiser                                    30     1   2  2  
 3 Eric Gryba               Alexei Marchenko                                  20     1   2  2  
 4 Sean Zimmerman           Victor Hedman                                     10     1   2  2  

PowerPlay Forward 
   Center                   Left Wing                Right Wing               Time % Phy DF OF 
 1 Steven Stamkos           Andrew Cogliano          Nikita Kucherov          60     1   2  2  
 2 Logan Couture            Thomas Vanek             Dustin Brown             40     1   2  2  

PowerPlay Defense
   Defense                  Defense                                           Time % Phy DF OF 
 1 Sean Zimmerman           Victor Hedman                                     60     1   2  2  
 2 Keith Aulie              Danny DeKeiser                                    40     1   2  2  

Penalty Kill 4 Players Forward 
   Center                   Wing                     Time % Phy DF OF 
 1 Steven Stamkos           Andrew Cogliano          60     1   2  2  
 2 Thomas Vanek             Nikita Kucherov          40     1   2  2  

Penalty Kill 4 Players Defense
   Defense                  Defense                  Time % Phy DF OF 
 1 Sean Zimmerman           Victor Hedman            60     1   2  2  
 2 Keith Aulie              Danny DeKeiser           40     1   2  2  

Penalty Kill - 3 Players Forward 
   Forward                                           Time % Phy DF OF 
 1 Steven Stamkos                                    60     1   2  2  
 2 Andrew Cogliano                                   40     1   2  2  

Penalty Kill - 3 Players Defense
   Defense                  Defense                  Time % Phy DF OF 
 1 Sean Zimmerman           Victor Hedman            60     1   2  2  
 2 Keith Aulie              Danny DeKeiser           40     1   2  2  

4 vs 4 Forward 
   Center                   Wing                     Time % Phy DF OF 
 1 Steven Stamkos           Andrew Cogliano          60     1   2  2  
 2 Thomas Vanek             Nikita Kucherov          40     1   2  2  

4 vs 4 Defense
   Defense                  Defense                  Time % Phy DF OF 
 1 Sean Zimmerman           Victor Hedman            60     1   2  2  
 2 Keith Aulie              Danny DeKeiser           40     1   2  2  

Last Minutes Offensive
   Center                   Left Wing                Right Wing               Defense                  Defense                  
   Steven Stamkos           Andrew Cogliano          Nikita Kucherov          Sean Zimmerman           Victor Hedman            

Last Minutes Defensive
   Center                   Left Wing                Right Wing               Defense                  Defense                  
   Steven Stamkos           Andrew Cogliano          Nikita Kucherov          Sean Zimmerman           Victor Hedman            

Goaltenders
Starting : Michal Neuvirth          
Backup : Sergei Bobrovsky         

Extra Forwards
Normal : Joe Colborne, Marcus Foligno, Sean Monahan - PP : Joe Colborne, Marcus Foligno - PK : Sean Monahan
Extra Defensemen
Normal : Eric Gryba, Alexei Marchenko, Keith Aulie - PP : Eric Gryba - PK : Alexei Marchenko, Keith Aulie
Penalty Shots
Steven Stamkos, Andrew Cogliano, Thomas Vanek, Nikita Kucherov, Logan Couture

Scratches
Michael Raffl (Healthy), Marian Hossa (Healthy), Matt Corrente (Healthy)

% Time on Ice - Panthers

Lines # - Real PCT - Wanted PCT - Time Play
Normal Forward
1 - 34% - 40% - 13:21
2 - 28% - 30% - 11:15
3 - 21% - 20% - 8:29
4 - 17% - 10% - 6:34
Normal Defense
1 - 39% - 40% - 15:17
2 - 38% - 30% - 15:12
3 - 21% - 20% - 8:09
4 - 3% - 10% - 1:01
PP Forward
1 - 53% - 60% - 5:18
2 - 47% - 40% - 4:37
PP Defense
1 - 53% - 60% - 5:17
2 - 47% - 40% - 4:38
PK Forward
1 - 70% - 60% - 7:16
2 - 30% - 40% - 3:10
PK Defense
1 - 62% - 60% - 6:27
2 - 38% - 40% - 3:59
PK3 Forward
1 - 81% - 60% - 1:11
2 - 19% - 40% - 0:17
PK3 Defense
1 - 70% - 60% - 1:02
2 - 30% - 40% - 0:26
44 Forward
1 - 80% - 60% - 2:49
2 - 20% - 40% - 0:43
44 Defense
1 - 50% - 60% - 1:46
2 - 50% - 40% - 1:46
Last Minute Offensive  - 0:00
Last Minute Defensive  - 0:00
Total
Forward - 65:00
Defense - 65:00

% Time on Ice - Penguins

Lines # - Real PCT - Wanted PCT - Time Play
Normal Forward
1 - 33% - 40% - 13:11
2 - 29% - 30% - 11:35
3 - 21% - 20% - 8:08
4 - 17% - 10% - 6:45
Normal Defense
1 - 42% - 40% - 16:45
2 - 31% - 30% - 12:10
3 - 24% - 20% - 9:27
4 - 3% - 10% - 1:17
PP Forward
1 - 59% - 60% - 6:08
2 - 41% - 40% - 4:18
PP Defense
1 - 57% - 60% - 5:56
2 - 43% - 40% - 4:30
PK Forward
1 - 68% - 60% - 6:43
2 - 32% - 40% - 3:12
PK Defense
1 - 57% - 60% - 5:40
2 - 43% - 40% - 4:15
PK3 Forward
1 - 0% - 60%
2 - 0% - 40%
PK3 Defense
1 - 0% - 60%
2 - 0% - 40%
44 Forward
1 - 77% - 60% - 3:51
2 - 23% - 40% - 1:09
44 Defense
1 - 57% - 60% - 2:50
2 - 43% - 40% - 2:10
Last Minute Offensive  - 0:00
Last Minute Defensive  - 0:00
Total
Forward - 65:00
Defense - 65:00

Play-by-Play

1st period


0:01 of 1st period - Matt Duchene wins face-off versus Steven Stamkos in neutral zone.
0:08 of 1st period - Slapshot by Matt Duchene.
0:08 of 1st period - Stopped by Michal Neuvirth with a rebound.
0:10 of 1st period - Slapshot by Alex Goligoski.
0:10 of 1st period - Stopped by Michal Neuvirth without a rebound.
0:11 of 1st period - Logan Couture wins face-off versus Travis Zajac in Penguins zone.
0:15 of 1st period - Keith Aulie is hit by Radko Gudas and loses puck.
0:23 of 1st period - Minor Penalty to Keith Aulie for Roughing.
0:24 of 1st period - Matt Duchene wins face-off versus Steven Stamkos in Penguins zone.
1:22 of 1st period - Wrist shot by Steven Stamkos.
1:22 of 1st period - Stopped by Petr Mrazek without a rebound.
1:23 of 1st period - Thomas Vanek wins face-off versus Travis Zajac in Panthers zone.
1:24 of 1st period - Wrist shot by Nikita Kucherov.
1:24 of 1st period - Shot Blocked by Taylor Chorney.
1:41 of 1st period - Off-side.
1:42 of 1st period - Matt Duchene wins face-off versus Steven Stamkos in neutral zone.
2:09 of 1st period - Travis Zajac is hit by Thomas Vanek and loses puck.
2:23 of 1st period - Penalty to Keith Aulie is over, Keith Aulie is back on ice.
3:05 of 1st period - Slapshot by Brandon Gormley.
3:05 of 1st period - Stopped by Michal Neuvirth without a rebound.
3:06 of 1st period - Steven Stamkos wins face-off versus Matt Duchene in Penguins zone.
3:21 of 1st period - Snap shot by Steven Stamkos.
3:21 of 1st period - Shot Misses the Net.
4:40 of 1st period - Steven Stamkos is hit by Travis Zajac and loses puck.
5:09 of 1st period - Snap shot by Thomas Vanek.
5:09 of 1st period - Shot Misses the Net.
5:20 of 1st period - Off-side.
5:21 of 1st period - David Booth wins face-off versus Joe Colborne in neutral zone.
6:15 of 1st period - Snap shot by Thomas Vanek.
6:15 of 1st period - Stopped by Petr Mrazek with a rebound.
6:41 of 1st period - Slapshot by Kyle Wellwood.
6:41 of 1st period - Shot Blocked by Danny DeKeiser.
6:43 of 1st period - Snap shot by Radko Gudas.
6:43 of 1st period - Stopped by Michal Neuvirth with a rebound.
6:57 of 1st period - Wrist shot by Keith Aulie.
6:57 of 1st period - Shot Misses the Net.
6:59 of 1st period - Snap shot by Dustin Brown.
6:59 of 1st period - Shot Misses the Net.
7:01 of 1st period - Slapshot by Keith Aulie.
7:01 of 1st period - Deflect By Alex Galchenyuk.
7:01 of 1st period - Stopped by Petr Mrazek with a rebound.
7:03 of 1st period - Snap shot by Dustin Brown.
7:03 of 1st period - Shot Misses the Net.
7:05 of 1st period - Slapshot by Danny DeKeiser.
7:05 of 1st period - Deflect By Alex Galchenyuk.
7:05 of 1st period - Stopped by Petr Mrazek without a rebound.
7:06 of 1st period - Travis Zajac wins face-off versus Steven Stamkos in Panthers zone.
7:11 of 1st period - Nikita Kucherov is hit by Andrei Kostitsyn and loses puck.
7:41 of 1st period - Thomas Vanek is hit by Jonathan Sigalet and loses puck.
7:56 of 1st period - Alexei Marchenko is hit by Daniel Carcillo and loses puck.
8:25 of 1st period - Wrist shot by Travis Zajac.
8:25 of 1st period - Shot Misses the Net.
8:27 of 1st period - Slapshot by Alex Goligoski.
8:27 of 1st period - Shot Misses the Net.
8:29 of 1st period - Snap shot by Andrei Kostitsyn.
8:29 of 1st period - Deflect By Alexei Marchenko.
8:29 of 1st period - Stopped by Michal Neuvirth without a rebound.
8:30 of 1st period - Steven Stamkos wins face-off versus Alex Galchenyuk in Penguins zone.
8:35 of 1st period - Snap shot by Andrew Cogliano.
8:35 of 1st period - Shot Misses the Net.
8:37 of 1st period - Snap shot by Keith Aulie.
8:37 of 1st period - Shot Misses the Net.
8:43 of 1st period - Wrist shot by Steven Stamkos.
8:43 of 1st period - Stopped by Petr Mrazek with a rebound.
8:45 of 1st period - Slapshot by Keith Aulie.
8:45 of 1st period - Stopped by Petr Mrazek with a rebound.
9:28 of 1st period - Off-side.
9:29 of 1st period - Matt Duchene wins face-off versus Steven Stamkos in neutral zone.
9:32 of 1st period - Steven Stamkos is hit by Drew Stafford and loses puck.
9:41 of 1st period - Wrist shot by Alex Galchenyuk.
9:41 of 1st period - Stopped by Michal Neuvirth with a rebound.
9:43 of 1st period - Slapshot by Brandon Gormley.
9:43 of 1st period - Shot Blocked by Andrew Cogliano.
9:45 of 1st period - Snap shot by Drew Stafford.
9:45 of 1st period - Deflect By Sean Zimmerman.
9:45 of 1st period - Stopped by Michal Neuvirth without a rebound.
9:46 of 1st period - Logan Couture wins face-off versus Travis Zajac in Penguins zone.
9:58 of 1st period - Off-side.
9:59 of 1st period - Steven Stamkos wins face-off versus Matt Duchene in neutral zone.
10:04 of 1st period - Snap shot by Nikita Kucherov.
10:04 of 1st period - Goal by Nikita Kucherov - Panthers : 0 - Penguins : 1.
10:05 of 1st period - Steven Stamkos wins face-off versus Matt Duchene in neutral zone.
10:26 of 1st period - Victor Hedman is hit by Matt Duchene and loses puck.
10:35 of 1st period - Wrist shot by Steven Stamkos.
10:35 of 1st period - Stopped by Petr Mrazek without a rebound.
10:36 of 1st period - Travis Zajac wins face-off versus Logan Couture in Panthers zone.
11:26 of 1st period - Snap shot by Steven Stamkos.
11:26 of 1st period - Stopped by Petr Mrazek with a rebound.
11:28 of 1st period - Wrist shot by Eric Gryba.
11:28 of 1st period - Stopped by Petr Mrazek without a rebound.
11:29 of 1st period - Matt Duchene wins face-off versus Steven Stamkos in Panthers zone.
11:44 of 1st period - Snap shot by Alex Galchenyuk.
11:44 of 1st period - Shot Misses the Net.
11:46 of 1st period - Snap shot by Alex Goligoski.
11:46 of 1st period - Stopped by Michal Neuvirth without a rebound.
11:47 of 1st period - Travis Zajac wins face-off versus Logan Couture in Penguins zone.
12:00 of 1st period - Wrist shot by Travis Zajac.
12:00 of 1st period - Stopped by Michal Neuvirth without a rebound.
12:01 of 1st period - Andrew Cogliano wins face-off versus Matt Duchene in Penguins zone.
12:01 of 1st period - Andrew Cogliano is hit by Alex Galchenyuk.
12:27 of 1st period - Travis Zajac is hit by Thomas Vanek and loses puck.
12:32 of 1st period - Slapshot by Viktor Arvidsson.
12:32 of 1st period - Stopped by Petr Mrazek with a rebound.
12:34 of 1st period - Slapshot by Logan Couture.
12:34 of 1st period - Stopped by Petr Mrazek with a rebound.
12:36 of 1st period - Wrist shot by Danny DeKeiser.
12:36 of 1st period - Shot Misses the Net.
12:38 of 1st period - Slapshot by Danny DeKeiser.
12:38 of 1st period - Shot Hit the Post.
12:50 of 1st period - Snap shot by Joe Colborne.
12:50 of 1st period - Shot Blocked by Erik Gudbranson.
12:52 of 1st period - Snap shot by Marcus Foligno.
12:52 of 1st period - Stopped by Petr Mrazek without a rebound.
12:53 of 1st period - Max Reinhart wins face-off versus Steven Stamkos in Panthers zone.
13:10 of 1st period - Backhand shot by David Booth.
13:10 of 1st period - Shot Misses the Net.
13:12 of 1st period - Snap shot by Tomas Kopecky.
13:12 of 1st period - Stopped by Michal Neuvirth with a rebound.
13:20 of 1st period - Wrist shot by David Booth.
13:20 of 1st period - Shot Misses the Net.
13:22 of 1st period - Slapshot by Taylor Chorney.
13:22 of 1st period - Shot Misses the Net.
13:24 of 1st period - Slapshot by Jonathan Sigalet.
13:24 of 1st period - Stopped by Michal Neuvirth with a rebound.
13:26 of 1st period - Wrist shot by David Booth.
13:26 of 1st period - Shot Misses the Net.
13:40 of 1st period - Slapshot by Erik Gudbranson.
13:40 of 1st period - Stopped by Michal Neuvirth with a rebound.
13:48 of 1st period - Snap shot by David Booth.
13:48 of 1st period - Stopped by Michal Neuvirth with a rebound.
13:50 of 1st period - Snap shot by David Booth.
13:50 of 1st period - Shot Hit the Post.
13:52 of 1st period - Wrist shot by Radko Gudas.
13:52 of 1st period - Shot Misses the Net.
13:54 of 1st period - Slapshot by Brandon Gormley.
13:54 of 1st period - Stopped by Michal Neuvirth with a rebound.
13:56 of 1st period - Wrist shot by Max Reinhart.
13:56 of 1st period - Shot Misses the Net.
13:58 of 1st period - Snap shot by David Booth.
13:58 of 1st period - Shot Misses the Net.
14:00 of 1st period - Slapshot by Radko Gudas.
14:00 of 1st period - Shot Blocked by Andrew Cogliano.
14:02 of 1st period - Snap shot by Tomas Kopecky.
14:02 of 1st period - Shot Misses the Net.
14:04 of 1st period - Wrist shot by Tomas Kopecky.
14:04 of 1st period - Stopped by Michal Neuvirth without a rebound.
14:05 of 1st period - Logan Couture wins face-off versus Matt Duchene in Penguins zone.
15:24 of 1st period - Wrist shot by Daniel Carcillo.
15:24 of 1st period - Stopped by Michal Neuvirth without a rebound.
15:25 of 1st period - Travis Zajac wins face-off versus Sean Monahan in Penguins zone.
15:31 of 1st period - Minor Penalty to Eric Gryba for High sticking.
15:32 of 1st period - Steven Stamkos wins face-off versus Matt Duchene in Penguins zone.
15:42 of 1st period - Snap shot by Andrew Cogliano.
15:42 of 1st period - Shot Blocked by Matt Duchene.
15:48 of 1st period - Sean Zimmerman is hit by Alex Galchenyuk and loses puck.
17:05 of 1st period - Snap shot by Sean Monahan.
17:05 of 1st period - Shot Misses the Net.
17:31 of 1st period - Penalty to Eric Gryba is over, Eric Gryba is back on ice.
18:48 of 1st period - Icing by Andreas Martinsen.
18:49 of 1st period - Max Reinhart wins face-off versus Sean Monahan in Penguins zone.
19:06 of 1st period - Brandon Gormley is hit by Adam Burish.
19:30 of 1st period - Snap shot by David Booth.
19:30 of 1st period - Shot Misses the Net.
Goals for this period are 0 for Panthers vs 1 for Penguins.
Shots for this period are 16 for Panthers vs 13 for Penguins.

2nd period


0:01 of 2nd period - Steven Stamkos wins face-off versus Matt Duchene in neutral zone.
0:26 of 2nd period - Danny DeKeiser is hit by Max Reinhart.
0:56 of 2nd period - Off-side.
0:57 of 2nd period - Matt Duchene wins face-off versus Logan Couture in neutral zone.
0:59 of 2nd period - Taylor Chorney is hit by Danny DeKeiser and loses puck.
1:08 of 2nd period - Wrist shot by Viktor Arvidsson.
1:08 of 2nd period - Shot Misses the Net.
1:10 of 2nd period - Slapshot by Logan Couture.
1:10 of 2nd period - Stopped by Petr Mrazek without a rebound.
1:11 of 2nd period - Matt Duchene wins face-off versus Logan Couture in Panthers zone.
1:38 of 2nd period - Victor Hedman is hit by Travis Zajac.
1:42 of 2nd period - Slapshot by Travis Zajac.
1:42 of 2nd period - Shot Misses the Net.
1:44 of 2nd period - Slapshot by Erik Gudbranson.
1:44 of 2nd period - Stopped by Michal Neuvirth without a rebound.
1:45 of 2nd period - Steven Stamkos wins face-off versus Travis Zajac in Penguins zone.
2:00 of 2nd period - Wrist shot by Steven Stamkos.
2:00 of 2nd period - Shot Blocked by Radko Gudas.
2:27 of 2nd period - Off-side.
2:28 of 2nd period - Joe Colborne wins face-off versus Alex Galchenyuk in neutral zone.
2:39 of 2nd period - Slapshot by Alex Goligoski.
2:39 of 2nd period - Goal by Alex Goligoski - Panthers : 1 - Penguins : 1.
2:40 of 2nd period - Matt Duchene wins face-off versus Steven Stamkos in neutral zone.
2:54 of 2nd period - Minor Penalty to Matt Duchene for Holding.
2:55 of 2nd period - Steven Stamkos wins face-off versus Max Reinhart in Panthers zone.
3:47 of 2nd period - Radko Gudas is hit by Steven Stamkos and loses puck.
4:52 of 2nd period - Chad Larose is hit by Keith Aulie and loses puck.
4:54 of 2nd period - Penalty to Matt Duchene is over, Matt Duchene is back on ice.
5:05 of 2nd period - Danny DeKeiser is hit by Andrei Kostitsyn and loses puck.
5:26 of 2nd period - Alex Goligoski is hit by Adam Burish and loses puck.
5:37 of 2nd period - Joe Colborne is hit by Daniel Carcillo and loses puck.
6:06 of 2nd period - Icing by Eric Gryba.
6:07 of 2nd period - Sean Monahan wins face-off versus Matt Duchene in Penguins zone.
6:58 of 2nd period - Snap shot by Taylor Chorney.
6:58 of 2nd period - Shot Blocked by Eric Gryba.
7:06 of 2nd period - Snap shot by Viktor Arvidsson.
7:06 of 2nd period - Stopped by Petr Mrazek without a rebound.
7:07 of 2nd period - Max Reinhart wins face-off versus Joe Colborne in Panthers zone.
7:27 of 2nd period - David Booth is hit by Joe Colborne and loses puck.
7:44 of 2nd period - Alex Galchenyuk is hit by Steven Stamkos and loses puck.
8:06 of 2nd period - Erik Gudbranson is hit by Viktor Arvidsson and loses puck.
8:31 of 2nd period - Slapshot by Keith Aulie.
8:31 of 2nd period - Shot Misses the Net.
8:41 of 2nd period - Snap shot by Viktor Arvidsson.
8:41 of 2nd period - Stopped by Petr Mrazek without a rebound.
8:42 of 2nd period - Steven Stamkos wins face-off versus Max Reinhart in Panthers zone.
8:43 of 2nd period - Snap shot by Andrew Cogliano.
8:43 of 2nd period - Shot Misses the Net.
8:45 of 2nd period - Wrist shot by Andrew Cogliano.
8:45 of 2nd period - Stopped by Petr Mrazek with a rebound.
8:47 of 2nd period - Slapshot by Andrew Cogliano.
8:47 of 2nd period - Stopped by Petr Mrazek with a rebound.
9:01 of 2nd period - Victor Hedman is hit by David Booth and loses puck.
9:25 of 2nd period - Minor Penalty to Sean Zimmerman for Holding.
9:26 of 2nd period - Steven Stamkos wins face-off versus Matt Duchene in Penguins zone.
10:20 of 2nd period - Alex Goligoski is hit by Steven Stamkos and loses puck.
11:03 of 2nd period - Brandon Gormley is hit by Alexei Marchenko.
11:25 of 2nd period - Penalty to Sean Zimmerman is over, Sean Zimmerman is back on ice.
12:46 of 2nd period - Wrist shot by Andreas Martinsen.
12:46 of 2nd period - Stopped by Petr Mrazek with a rebound.
12:48 of 2nd period - Wrist shot by Dustin Brown.
12:48 of 2nd period - Stopped by Petr Mrazek without a rebound.
12:49 of 2nd period - Joe Colborne wins face-off versus Daniel Carcillo in Panthers zone.
13:04 of 2nd period - Snap shot by Marcus Foligno.
13:04 of 2nd period - Stopped by Petr Mrazek without a rebound.
13:05 of 2nd period - Matt Duchene wins face-off versus Steven Stamkos in Panthers zone.
13:39 of 2nd period - Slapshot by Rickard Rakell.
13:39 of 2nd period - Stopped by Michal Neuvirth without a rebound.
13:40 of 2nd period - Logan Couture wins face-off versus Travis Zajac in Penguins zone.
13:45 of 2nd period - Snap shot by Rickard Rakell.
13:45 of 2nd period - Stopped by Michal Neuvirth without a rebound.
13:46 of 2nd period - Logan Couture wins face-off versus Travis Zajac in Penguins zone.
14:04 of 2nd period - Minor Penalty to Andrei Kostitsyn for Roughing.
14:05 of 2nd period - Steven Stamkos wins face-off versus Max Reinhart in Panthers zone.
14:09 of 2nd period - Snap shot by Nikita Kucherov.
14:09 of 2nd period - Stopped by Petr Mrazek with a rebound.
14:37 of 2nd period - Off-side.
14:38 of 2nd period - Max Reinhart wins face-off versus Logan Couture in neutral zone.
15:54 of 2nd period - Wrist shot by Steven Stamkos.
15:54 of 2nd period - Stopped by Petr Mrazek with a rebound.
15:56 of 2nd period - Slapshot by Sean Zimmerman.
15:56 of 2nd period - Shot Blocked by Daniel Carcillo.
16:04 of 2nd period - Penalty to Andrei Kostitsyn is over, Andrei Kostitsyn is back on ice.
16:10 of 2nd period - Snap shot by Nikita Kucherov.
16:10 of 2nd period - Shot Blocked by Daniel Carcillo.
16:22 of 2nd period - Slapshot by Steven Stamkos.
16:22 of 2nd period - Stopped by Petr Mrazek without a rebound.
16:23 of 2nd period - Logan Couture wins face-off versus Matt Duchene in Panthers zone.
17:02 of 2nd period - Wrist shot by Joe Colborne.
17:02 of 2nd period - Stopped by Petr Mrazek without a rebound.
17:03 of 2nd period - Sean Monahan wins face-off versus Kyle Wellwood in Panthers zone.
17:14 of 2nd period - Snap shot by Daniel Carcillo.
17:14 of 2nd period - Stopped by Michal Neuvirth with a rebound.
17:41 of 2nd period - Erik Gudbranson is hit by Logan Couture and loses puck.
18:23 of 2nd period - Off-side.
18:24 of 2nd period - Travis Zajac wins face-off versus Steven Stamkos in neutral zone.
19:01 of 2nd period - Wrist shot by Alex Galchenyuk.
19:01 of 2nd period - Shot Misses the Net.
19:03 of 2nd period - Slapshot by Brandon Gormley.
19:03 of 2nd period - Shot Blocked by Thomas Vanek.
19:05 of 2nd period - Snap shot by Matt Duchene.
19:05 of 2nd period - Goal by Matt Duchene - Panthers : 2 - Penguins : 1.
19:06 of 2nd period - Steven Stamkos wins face-off versus Matt Duchene in neutral zone.
19:17 of 2nd period - Slapshot by Alex Galchenyuk.
19:17 of 2nd period - Stopped by Michal Neuvirth with a rebound.
19:19 of 2nd period - Slapshot by Erik Gudbranson.
19:19 of 2nd period - Shot Misses the Net.
19:21 of 2nd period - Snap shot by Erik Gudbranson.
19:21 of 2nd period - Shot Misses the Net.
19:23 of 2nd period - Wrist shot by Alex Goligoski.
19:23 of 2nd period - Stopped by Michal Neuvirth without a rebound.
19:24 of 2nd period - Thomas Vanek wins face-off versus Andrei Kostitsyn in Penguins zone.
19:26 of 2nd period - Minor Penalty to Sean Zimmerman for Slashing.
19:27 of 2nd period - Steven Stamkos wins face-off versus Drew Stafford in Penguins zone.
Goals for this period are 2 for Panthers vs 0 for Penguins.
Shots for this period are 8 for Panthers vs 12 for Penguins.

3rd period


0:01 of 3rd period - Matt Duchene wins face-off versus Steven Stamkos in neutral zone.
0:34 of 3rd period - Wrist shot by Travis Zajac.
0:34 of 3rd period - Stopped by Michal Neuvirth without a rebound.
0:35 of 3rd period - Thomas Vanek wins face-off versus Matt Duchene in Penguins zone.
0:40 of 3rd period - Slapshot by Nikita Kucherov.
0:40 of 3rd period - Stopped by Petr Mrazek without a rebound.
0:41 of 3rd period - Matt Duchene wins face-off versus Steven Stamkos in Panthers zone.
1:26 of 3rd period - Penalty to Sean Zimmerman is over, Sean Zimmerman is back on ice.
3:29 of 3rd period - Icing by Radko Gudas.
3:30 of 3rd period - Matt Duchene wins face-off versus Sean Monahan in Panthers zone.
3:41 of 3rd period - Wrist shot by Alex Galchenyuk.
3:41 of 3rd period - Shot Misses the Net.
4:14 of 3rd period - Minor Penalty to Adam Burish for Cross-checking.
4:15 of 3rd period - Steven Stamkos wins face-off versus Travis Zajac in Penguins zone.
4:31 of 3rd period - Slapshot by Alex Goligoski.
4:31 of 3rd period - Shot Misses the Net.
6:14 of 3rd period - Penalty to Adam Burish is over, Adam Burish is back on ice.
6:26 of 3rd period - Slapshot by David Booth.
6:26 of 3rd period - Deflect By Dustin Brown.
6:26 of 3rd period - Stopped by Michal Neuvirth without a rebound.
6:27 of 3rd period - Joe Colborne wins face-off versus Max Reinhart in Penguins zone.
6:34 of 3rd period - Wrist shot by David Booth.
6:34 of 3rd period - Deflect By Joe Colborne.
6:34 of 3rd period - Stopped by Michal Neuvirth without a rebound.
6:35 of 3rd period - Matt Duchene wins face-off versus Steven Stamkos in Penguins zone.
6:36 of 3rd period - Snap shot by Alex Galchenyuk.
6:36 of 3rd period - Stopped by Michal Neuvirth without a rebound.
6:37 of 3rd period - Matt Duchene wins face-off versus Steven Stamkos in Penguins zone.
7:10 of 3rd period - Danny DeKeiser is hit by Andrei Kostitsyn and loses puck.
7:26 of 3rd period - Off-side.
7:27 of 3rd period - Max Reinhart wins face-off versus Joe Colborne in neutral zone.
7:36 of 3rd period - Wrist shot by Dustin Brown.
7:36 of 3rd period - Stopped by Petr Mrazek with a rebound.
7:38 of 3rd period - Snap shot by Dustin Brown.
7:38 of 3rd period - Goal by Dustin Brown - Panthers : 2 - Penguins : 2.
7:39 of 3rd period - Steven Stamkos wins face-off versus Matt Duchene in neutral zone.
7:50 of 3rd period - Wrist shot by Nikita Kucherov.
7:50 of 3rd period - Shot Blocked by Alex Goligoski.
8:26 of 3rd period - Max Reinhart is hit by Viktor Arvidsson and loses puck.
8:50 of 3rd period - Minor Penalty to Daniel Carcillo for Cross-checking.
8:51 of 3rd period - Max Reinhart wins face-off versus Steven Stamkos in Panthers zone.
8:51 of 3rd period - Max Reinhart is hit by Nikita Kucherov.
9:41 of 3rd period - Thomas Vanek is hit by Drew Stafford and loses puck.
10:09 of 3rd period - Alex Goligoski is hit by Dustin Brown and loses puck.
10:24 of 3rd period - Logan Couture is hit by Matt Duchene and loses puck.
10:50 of 3rd period - Penalty to Daniel Carcillo is over, Daniel Carcillo is back on ice.
10:54 of 3rd period - Snap shot by Thomas Vanek.
10:54 of 3rd period - Stopped by Petr Mrazek without a rebound.
10:55 of 3rd period - Travis Zajac wins face-off versus Steven Stamkos in Panthers zone.
11:20 of 3rd period - Jonathan Sigalet is hit by Victor Hedman and loses puck.
11:25 of 3rd period - Snap shot by Sean Monahan.
11:25 of 3rd period - Shot Blocked by Daniel Carcillo.
11:27 of 3rd period - Slapshot by Eric Gryba.
11:27 of 3rd period - Shot Blocked by Jonathan Sigalet.
11:29 of 3rd period - Wrist shot by Sean Monahan.
11:29 of 3rd period - Stopped by Petr Mrazek with a rebound.
11:31 of 3rd period - Minor Penalty to Kyle Wellwood for Roughing.
11:32 of 3rd period - Steven Stamkos wins face-off versus Max Reinhart in Panthers zone.
12:53 of 3rd period - Logan Couture is hit by Travis Zajac and loses puck.
13:00 of 3rd period - Travis Zajac is hit by Keith Aulie and loses puck.
13:31 of 3rd period - Penalty to Kyle Wellwood is over, Kyle Wellwood is back on ice.
14:56 of 3rd period - Minor Penalty to Travis Zajac for Tripping.
14:57 of 3rd period - Steven Stamkos wins face-off versus Max Reinhart in Panthers zone.
15:17 of 3rd period - Icing by Andrew Cogliano.
15:18 of 3rd period - Steven Stamkos wins face-off versus Max Reinhart in Penguins zone.
15:31 of 3rd period - Snap shot by Nikita Kucherov.
15:31 of 3rd period - Shot Misses the Net.
16:15 of 3rd period - Snap shot by Steven Stamkos.
16:15 of 3rd period - Shot Misses the Net.
16:17 of 3rd period - Snap shot by Andrew Cogliano.
16:17 of 3rd period - Stopped by Petr Mrazek with a rebound.
16:19 of 3rd period - Wrist shot by Nikita Kucherov.
16:19 of 3rd period - Shot Blocked by Erik Gudbranson.
16:21 of 3rd period - Slapshot by Victor Hedman.
16:21 of 3rd period - Shot Misses the Net.
16:23 of 3rd period - Snap shot by Nikita Kucherov.
16:23 of 3rd period - Shot Misses the Net.
16:25 of 3rd period - Slapshot by Nikita Kucherov.
16:25 of 3rd period - Deflect By Steven Stamkos.
16:25 of 3rd period - Stopped by Petr Mrazek without a rebound.
16:26 of 3rd period - Max Reinhart wins face-off versus Logan Couture in Panthers zone.
16:32 of 3rd period - Icing by Danny DeKeiser.
16:33 of 3rd period - Logan Couture wins face-off versus Max Reinhart in Penguins zone.
16:48 of 3rd period - Snap shot by Thomas Vanek.
16:48 of 3rd period - Stopped by Petr Mrazek with a rebound.
16:56 of 3rd period - Penalty to Travis Zajac is over, Travis Zajac is back on ice.
17:14 of 3rd period - Snap shot by Alexei Marchenko.
17:14 of 3rd period - Stopped by Petr Mrazek with a rebound.
17:43 of 3rd period - Wrist shot by Daniel Carcillo.
17:43 of 3rd period - Stopped by Michal Neuvirth without a rebound.
17:44 of 3rd period - Max Reinhart wins face-off versus Steven Stamkos in Penguins zone.
17:45 of 3rd period - Slapshot by Alex Goligoski.
17:45 of 3rd period - Shot Misses the Net.
17:51 of 3rd period - Alex Goligoski is hit by Victor Hedman and loses puck.
18:06 of 3rd period - Snap shot by Matt Duchene.
18:06 of 3rd period - Stopped by Michal Neuvirth with a rebound.
18:08 of 3rd period - Slapshot by Alex Goligoski.
18:08 of 3rd period - Stopped by Michal Neuvirth without a rebound.
18:09 of 3rd period - Matt Duchene wins face-off versus Joe Colborne in Penguins zone.
18:14 of 3rd period - Slapshot by Alex Galchenyuk.
18:14 of 3rd period - Stopped by Michal Neuvirth without a rebound.
18:15 of 3rd period - Max Reinhart wins face-off versus Joe Colborne in Penguins zone.
19:28 of 3rd period - Minor Penalty to Kyle Wellwood for Hooking.
19:29 of 3rd period - Max Reinhart wins face-off versus Steven Stamkos in Panthers zone.
19:40 of 3rd period - Snap shot by Sean Zimmerman.
19:40 of 3rd period - Stopped by Petr Mrazek with a rebound.
Goals for this period are 0 for Panthers vs 1 for Penguins.
Shots for this period are 8 for Panthers vs 10 for Penguins.

Overtime #1


0:01 of 1st overtime period - Steven Stamkos wins face-off versus Drew Stafford in neutral zone.
0:06 of 1st overtime period - Drew Stafford is hit by Andrew Cogliano and loses puck.
0:13 of 1st overtime period - Snap shot by Steven Stamkos.
0:13 of 1st overtime period - Shot Blocked by Erik Gudbranson.
0:31 of 1st overtime period - Alex Goligoski is hit by Victor Hedman and loses puck.
0:48 of 1st overtime period - Thomas Vanek is hit by Radko Gudas and loses puck.
0:59 of 1st overtime period - Slapshot by Danny DeKeiser.
0:59 of 1st overtime period - Stopped by Petr Mrazek without a rebound.
1:00 of 1st overtime period - Daniel Carcillo wins face-off versus Joe Colborne in Panthers zone.
1:09 of 1st overtime period - Drew Stafford is hit by Joe Colborne.
1:28 of 1st overtime period - Penalty to Kyle Wellwood is over, Kyle Wellwood is back on ice.
2:33 of 1st overtime period - Marcus Foligno is hit by David Booth and loses puck.
2:40 of 1st overtime period - Alex Goligoski is hit by Victor Hedman and loses puck.
3:15 of 1st overtime period - Brandon Gormley is hit by Nikita Kucherov and loses puck.
3:34 of 1st overtime period - Max Reinhart is hit by Danny DeKeiser.
3:40 of 1st overtime period - Snap shot by Sean Monahan.
3:40 of 1st overtime period - Stopped by Petr Mrazek without a rebound.
3:41 of 1st overtime period - Marcus Foligno wins face-off versus David Booth in Panthers zone.
4:40 of 1st overtime period - Brandon Gormley is hit by Victor Hedman and loses puck.
4:53 of 1st overtime period - Victor Hedman is hit by Alex Goligoski and loses puck.
Goals for this period are 0 for Panthers vs 0 for Penguins.
Shots for this period are 0 for Panthers vs 2 for Penguins.

ShootOut


5:00 of 1st overtime period - Round #1.
5:00 of 1st overtime period - Panthers, Alex Galchenyuk.
5:00 of 1st overtime period - Deke by Alex Galchenyuk.
5:00 of 1st overtime period - Stopped by Michal Neuvirth.
5:00 of 1st overtime period - Penguins, Steven Stamkos.
5:00 of 1st overtime period - Deke by Steven Stamkos.
5:00 of 1st overtime period - Goal by Steven Stamkos.
5:00 of 1st overtime period - Round #2.
5:00 of 1st overtime period - Panthers, Kyle Wellwood.
5:00 of 1st overtime period - Deke by Kyle Wellwood.
5:00 of 1st overtime period - Shot Misses the Net.
5:00 of 1st overtime period - Penguins, Andrew Cogliano.
5:00 of 1st overtime period - Backhand shot by Andrew Cogliano.
5:00 of 1st overtime period - Stopped by Petr Mrazek.
5:00 of 1st overtime period - Round #3.
5:00 of 1st overtime period - Panthers, David Booth.
5:00 of 1st overtime period - Wrist shot by David Booth.
5:00 of 1st overtime period - Stopped by Michal Neuvirth.